 Dungeon Crawl Stone Soup version 0.22.1-1-ga44c0e56f4 (webtiles) character file.

191 Ihlosi the Skirmisher (level 5, -1/127 HPs)
             Began as an Ogre Fighter on Oct 29, 2018.
             Killed by divine providence
             ... invoked by an orc priest
              (11 damage)
             ... on level 4 of the Dungeon.
             The game lasted 00:08:05 (2752 turns).

Ihlosi the Skirmisher (Ogre Fighter)                Turns: 2752, Time: 00:08:06

Health: -1/127     AC: 22    Str: 25    XL:     5   Next: 70%
Magic:  5/5        EV:  1    Int:  9    God:
Gold:   88         SH:  9    Dex: 14    Spells: 4/4 levels left

rFire    + . .     SeeInvis .   o - +0 mace
rCold    + . .     Gourm    .   c - +0 shield
rNeg     + + +     Faith    .   (armour currently unavailable)
rPois    +         Spirit   .   (helmet currently unavailable)
rElec    +         Reflect  .   (cloak currently unavailable)
rCorr    +         Harm     .   (gloves unavailable)
MR       .....     NoTele   +   (boots unavailable)
Stlth    ..........             (no amulet)
HPRegen  0.31/turn              (no ring)
MPRegen  0.09/turn              (no ring)

@: agile, berserking, tree-form, resistant, hasted, very quick
A: large, unfitting armour
a: no special abilities


You were on level 4 of the Dungeon.
You were very hungry.
You were a tree.
You visited 1 branch of the dungeon, and saw 4 of its levels.

You collected 88 gold pieces.

Inventory:

Hand Weapons
 a - a +0 flail
 o - a +0 mace (weapon)
 p - a cursed -2 whip
Armour
 b - a +0 robe (melded)
 c - a +0 shield (worn)
Scrolls
 d - 2 scrolls of random uselessness {unknown}
 e - a scroll of remove curse {unknown}
 g - 2 scrolls of immolation {unknown}
 h - a scroll of blinking {unknown}
 j - 3 scrolls of identify {unknown}
 m - 3 scrolls of teleportation {unknown}
 n - 2 scrolls of enchant weapon {unknown}
Potions
 i - 2 potions of resistance
Comestibles
 f - 4 rations


   Skills:
 + Level 5.3 Fighting
 + Level 3.6 Maces & Flails
 + Level 3.8 Dodging
 - Level 2.6 Shields


You had 4 spell levels left.
You didn't know any spells.
Your spell library was empty.

Dungeon Overview and Level Annotations

Branches:
Dungeon (4/15)
 Temple: D:4-7

Altars:
Elyvilon
Gozag
Kikubaaqudgha

Shops:
D:4 %

Annotations:
D:2 Sigmund
D:3 3 runed doors, Gargoyl's ghost, amateur CeAK; Terence
D:4 Dowan; Duvessa


Innate Abilities, Weirdness & Mutations

You are too large for most types of armour.
((You have tough skin. (AC +1)))


Message History

You feel yourself moving faster!
You feel mighty! The adder bites you but does no damage.
You hit Duvessa.
Duvessa is moderately wounded.
Duvessa hits you with a short sword.
* * * LOW HITPOINT WARNING * * *
The adder bites you.
* * * LOW HITPOINT WARNING * * *
The orc priest looks encouraged for a moment.
You barely miss Duvessa.
Duvessa is moderately wounded.
The worker ant twitches its antennae in your direction.
The adder bites you but does no damage.
Duvessa says, "When magic and the sword combine, nothing stands against them."
Duvessa hits you but does no damage.
You sock the adder!
You kill the adder!
The orc priest invokes the aid of Beogh against you.
Beogh smites you!
You die...

.(#.#.##.###.# #
.#....#.?.(.# ..
..........#
....#.........
..#.........#. #
............#. .#
$${.......a#o####..#
$∩$.oo.<...oo{e♣...#
$$$#.o..####e#####.#
........# #.
######### #. #. #.
#. #.


You could see Duvessa, Dowan, a worker ant and 3 orc priests.

Vanquished Creatures
  An orc priest (D:3)
  Jessica (D:2)
  A worker ant (D:3)
  4 adders
  An ooze (D:2)
  2 worms (D:3)
  5 leopard geckos
  5 orcs (D:3)
  2 giant cockroaches
  7 hobgoblins
  2 jackals (D:1)
  A ball python (D:1)
  5 bats
  2 frilled lizards
  10 goblins
  6 kobolds
  4 rats
59 creatures vanquished.

Notes
Turn   | Place    | Note
-------+----------+-------------------------------------------
     0 | D:1      | Ihlosi the Ogre Fighter began the quest for the Orb.
     0 | D:1      | Reached XP level 1. HP: 24/24 MP: 1/1
   152 | D:1      | Reached XP level 2. HP: 19/32 MP: 2/2
   893 | D:1      | Reached XP level 3. HP: 36/40 MP: 3/3
  1096 | D:2      | Noticed Jessica
  1100 | D:2      | Killed Jessica
  1115 | D:2      | Reached XP level 4. HP: 42/49 MP: 4/4
  1133 | D:2      | Found an ancient bone altar of Kikubaaqudgha.
  1227 | D:2      | Noticed Sigmund
  1454 | D:3      | Noticed Terence
  1487 | D:3      | Noticed Gargoyl's ghost (amateur CeAK)
  1552 | D:3      | Reached skill level 5 in Fighting
  1552 | D:3      | Reached XP level 5. HP: 31/57 MP: 5/5
  1845 | D:3      | Found an opulent altar of Gozag.
  1958 | D:3      | Found a white marble altar of Elyvilon.
  1967 | D:4      | Found Cahuk's Food Shop.
  1998 | D:3      | Found a runed gate.
  1998 | D:3      | Found a runed gate.
  1998 | D:3      | Found a runed gate.
  2134 | D:4      | Noticed Duvessa
  2733 | D:4      | Noticed Dowan
  2752 | D:4      | Killed from afar by an orc priest

Skill      XL: |  1  2  3  4 |
---------------+-------------+-----
Maces & Flails | 2 3 |  3.6
Dodging        | 3 |  3.8
Fighting       | 5 |  5.3
Shields        | |  2.6

Action                   |  1- 3 |  4- 6 || total
-------------------------+-------+-------++-------
Melee: Flail             |    38 |       ||    38
       Mace              |    38 |   120 ||   158
  Use: Potion            |     1 |     5 ||     6
  Eat: Chunk             |     1 |     4 ||     5
Armor: Robe              |    18 |    24 ||    42
       Skin              |       |    21 ||    21
Dodge: Dodged            |    34 |    40 ||    74
Block: Shield            |    29 |    51 ||    80
